 Dungeon Crawl Stone Soup version 0.24-a0-378-g94936e539c (webtiles) character file.

Game seed: 7451146197014626008

12860 Peloso the Carver (level 11, 0/100 HPs)
             Began as a Minotaur Fighter on June 2, 2019.
             Was a High Priest of Okawaru.
             Slain by Frances
             ... wielding a +7 mace of protection
              (21 damage)
             ... on level 12 of the Dungeon.
             The game lasted 00:42:12 (11477 turns).

Peloso the Carver (Minotaur Fighter)               Turns: 11477, Time: 00:42:12

Health: 0/100      AC: 20    Str: 24      XL:     11   Next: 68%
Magic:  10/10      EV:  8    Int:  5 (6)  God:    Okawaru [*****.]
Gold:   713        SH: 15    Dex: 14      Spells: 10/10 levels left

rFire    . . .     SeeInvis .   a - +3 scimitar
rCold    . . .     Gourm    .   c - +0 shield
rNeg     . . .     Faith    .   e - +0 plate armour
rPois    +         Spirit   .   (helmet restricted)
rElec    .         Reflect  +   M - +2 cloak of Xom's Scorn {*Contam rPois Dex+2}
rCorr    .         Harm     .   q - +0 pair of gloves
MR       +....                  (no boots)
Stlth    ..........             w - +2 amulet of reflection
HPRegen  0.26/turn              d - ring of the Octopus King {AC+1 EV+1 Str+1 Int+1 Dex+1 Stlth+}
MPRegen  0.12/turn              z - ring of protection from magic

@: studying Necromancy, lightly drained
A: retaliatory headbutt, horns 2
a: Heroism, Finesse, Renounce Religion


You were on level 12 of the Dungeon.
You worshipped Okawaru.
Okawaru was extremely pleased with you.
You were not hungry.

You visited 2 branches of the dungeon, and saw 13 of its levels.
You also visited: Gauntlet.

You collected 793 gold pieces.
You spent 80 gold pieces at shops.

Inventory:

Hand Weapons
 a - a +3 scimitar (weapon)
 O - a +2 war axe of venom
Armour
 b - a +0 scale mail
 c - a +0 shield (worn)
 e - a +0 plate armour (worn)
 h - a +0 chain mail
 k - the -1 cloak "Bien" {rN++ Int+2}
   (You found it in a Gauntlet)

   It affects your intelligence (+2).
   It greatly protects you from negative energy.
 q - a +0 pair of gloves (worn)
 v - a +1 cloak
 M - the +2 cloak of Xom's Scorn (worn) {*Contam rPois Dex+2}
   (You found it in a Gauntlet)

   It affects your dexterity (+2).
   It protects you from poison.
   It causes magical contamination when unequipped.
Jewellery
 d - a ring of the Octopus King (left hand) {AC+1 EV+1 Str+1 Int+1 Dex+1 Stlth+}
   (You found it in a Gauntlet)

   [ring of stealth]

   It affects your AC (+1).
   It affects your evasion (+1).
   It affects your strength (+1).
   It affects your intelligence (+1).
   It affects your dexterity (+1).
   It makes you more stealthy.
 m - an uncursed amulet of the acrobat
 s - an uncursed ring of see invisible
 t - an uncursed ring of positive energy
 w - a +2 amulet of reflection (around neck)
 z - a ring of protection from magic (right hand)
 E - a +4 ring of dexterity
 G - an uncursed ring of flight
 Q - an uncursed ring of protection from magic
Wands
 i - a wand of flame (18)
 A - a wand of digging (9)
 H - a wand of paralysis (10)
Scrolls
 g - 7 scrolls of teleportation
 o - 2 scrolls of fog
 p - 4 scrolls of amnesia
 r - 2 scrolls of remove curse
 y - a scroll of blinking
 B - a scroll of magic mapping
 C - a scroll of noise
 D - 2 scrolls of enchant armour {unknown}
Potions
 j - 3 potions of curing
 l - 3 potions of haste {unknown}
 u - 2 potions of agility {unknown}
 x - 2 potions of ambrosia {unknown}
 F - 2 potions of heal wounds
 I - a potion of lignification {unknown}
 J - 2 potions of brilliance {unknown}
 K - a potion of invisibility {unknown}
 N - a potion of mutation {unknown}
Books
 n - a manual of Necromancy
Miscellaneous
 L - a crystal ball of energy
 P - a crystal ball of energy
Comestibles
 f - 25 rations


   Skills:
 + Level 10.2 Fighting
 + Level 13.2(13.1) Long Blades
 + Level 9.8(9.7) Armour
 + Level 1.7(1.6) Dodging
 + Level 1.4(1.3) Stealth
 + Level 12.2(12.1) Shields
 + Level 0.4 Invocations


You had 10 spell levels left.
You didn't know any spells.
Your spell library contained the following spells:

 Spells                   Type           Power        Failure   Level  Hunger
 Animate Skeleton         Necr           N/A          100%        1    ##.....
 Apportation              Tloc           #.....       100%        1    ##.....
 Confusing Touch          Hex            #.....       100%        1    ##.....
 Flame Tongue             Conj/Fire      #....        100%        1    ##.....
 Magic Dart               Conj           #...         100%        1    ##.....
 Summon Small Mammal      Summ           #...         100%        1    ##.....
 Blink                    Tloc           N/A          100%        2    ###....
 Call Imp                 Summ           #.......     100%        2    ###....
 Searing Ray              Conj           #.....       100%        2    ###....
 Slow                     Hex            #.......     100%        2    ###....
 Throw Flame              Conj/Fire      #.....       100%        2    ###....
 Call Canine Familiar     Summ           #.......     100%        3    ####...
 Conjure Flame            Conj/Fire      #.......     100%        3    ####...
 Dazzling Spray           Conj/Hex       #.....       100%        3    ####...
 Inner Flame              Hex/Fire       #.......     100%        3    ####...
 Mephitic Cloud           Conj/Pois/Air  #.......     100%        3    ####...
 Summon Guardian Golem    Hex/Summ       #.......     100%        3    ####...
 Force Lance              Conj/Tloc      #.......     100%        4    #####..
 Fulminant Prism          Conj/Hex       #.........   100%        4    #####..
 Iskenderun's Mystic Bla  Conj           #.......     100%        4    #####..
 Sticky Flame             Conj/Fire      #.......     100%        4    #####..
 Summon Ice Beast         Ice/Summ       #.......     100%        4    #####..
 Summon Lightning Spire   Summ/Air       #.......     100%        4    #####..
 Fireball                 Conj/Fire      #.........   100%        5    ######.


Dungeon Overview and Level Annotations

Branches:
Dungeon (12/15)            Temple (1/1) D:7            Lair (0/6) D:8
    Orc (0/2) D:11

Altars:
Cheibriados
Elyvilon
Fedhas
Gozag
Kikubaaqudgha
Makhleb
Nemelex Xobeh
Okawaru
Sif Muna
Trog
Vehumet
Wu Jian
Xom
Yredelemnul
Zin
The Shining One

Shops:
D:4 }   D:5 (   D:8 [   D:9 *   D:10 %

Annotations:
D:4 Dowan, Duvessa
D:11 2 runed translucent doors, pentaxis93's ghost, journeyman DEFE
D:12 Frances


Innate Abilities, Weirdness & Mutations

You reflexively headbutt those who attack you in melee.
You have a pair of horns on your head.


Message History

Magic restored.
Q - a ring of protection from magic Frances, Duchess of Pandemonium comes into view.
She is wielding a +7 mace of protection.
Frances shouts!
Frances says, "I have seen worlds and universes beyond all imagining."
Frances mutters in a terrible tongue.
The shard of ice hits you!!!
You hit Frances. You headbutt Frances.
Frances is lightly wounded.
You closely miss Frances.
Frances is lightly wounded.
Frances hits you with a +7 mace of protection.
You completely miss Frances. You headbutt Frances, but do no damage.
Frances is lightly wounded.
Frances hits you with a +7 mace of protection!!
* * * LOW HITPOINT WARNING * * *
You hit Frances.
Frances is lightly wounded.
Frances hits you with a +7 mace of protection!!
You die...

########.#,#.ยงยงยง#,*
*,* #.#,####.#,* *,*
#.#,***#.#,* *,*
#.#,,,,..#,* *,,
#.#****###,**** ***
########.# *,,,,*
.........# ****,*
####################.#
................@@...#
######################


You could see Frances.

Vanquished Creatures
  A minotaur (Gauntlet)
  Nergalle (D:12)
  An orange crystal statue (Gauntlet)
  A necromancer (Gauntlet)
  A cyclops (D:11)
  Psyche (D:8)
  A centaur skeleton (D:11)
  A troll (D:9)
  A wolf spider simulacrum (Gauntlet)
  A hornet (D:11)
  2 hippogriffs
  2 centaur simulacra (Gauntlet)
  2 shadows
  A vampire (D:8)
  A wyvern (D:8)
  Eustachio (D:5)
  A steam dragon (D:8)
  Grum (D:8)
  2 hungry ghosts (D:11)
  A warg (D:11)
  2 water moccasins
  A hydra simulacrum (Gauntlet)
  2 ice beasts
  5 phantoms
  4 sky beasts
  4 orc warriors
  A black bear (D:8)
  An eye of draining (D:11)
  2 necrophages
  5 ogres
  8 wolves
  4 centaurs
  2 big kobolds
  Blork the orc (D:5)
  6 bullfrogs
  A gnoll sergeant (D:11)
  2 scorpions
  A hornet simulacrum (Gauntlet)
  A wyvern skeleton (D:11)
  6 killer bees (D:11)
  3 wights (D:7)
  9 crimson imps
  3 bullfrog zombies
  2 centaur zombies
  A quasit (D:8)
  A bullfrog skeleton (D:11)
  Crazy Yiuf (D:7)
  2 gnoll shamans
  4 hounds
  6 jellies
  5 orc priests
  6 orc wizards
  Natasha (twice) (D:3)
  5 iguanas
  8 worker ants
  4 hound zombies
  A worker ant zombie (D:10)
  13 gnolls
  11 adders
  A howler monkey skeleton (D:10)
  4 shadow imps
  4 white imps (D:8)
  2 adder zombies
  2 adder skeletons
  A worm (D:3)
  2 dart slugs (D:1)
  13 leopard geckos
  29 orcs
  7 giant cockroaches
  9 goblins
  8 hobgoblins
  3 quokkas
  A ball python (D:7)
  6 bats
  3 frilled lizards
  15 kobolds
  A leopard gecko skeleton (D:7)
  2 quokka skeletons
  7 rats
290 creatures vanquished.

Vanquished Creatures (others)
  2 centaurs (D:11)
  8 fungi (Gauntlet)
  12 plants (Gauntlet)
22 creatures vanquished.

Grand Total: 312 creatures vanquished

Notes
Turn   | Place    | Note
-------+----------+-------------------------------------------
     0 | D:1      | Peloso the Minotaur Fighter began the quest for the Orb.
     0 | D:1      | Reached XP level 1. HP: 19/19 MP: 0/0
    80 | D:1      | Reached XP level 2. HP: 24/27 MP: 1/1
   338 | D:1      | Reached skill level 3 in Long Blades
   641 | D:2      | Reached XP level 3. HP: 33/33 MP: 2/2
  1404 | D:3      | Reached skill level 4 in Long Blades
  1404 | D:3      | Reached XP level 4. HP: 29/40 MP: 3/3
  1870 | D:3      | Noticed Natasha
  1882 | D:3      | Killed Natasha
  1987 | D:4      | Noticed an ogre
  1995 | D:4      | Killed an ogre
  1995 | D:4      | Reached skill level 5 in Long Blades
  1995 | D:4      | Reached XP level 5. HP: 43/47 MP: 4/4
  2018 | D:4      | Found Haxzeq's Gadget Boutique.
  2077 | D:4      | Noticed a phantom
  2078 | D:4      | Noticed Dowan
  2085 | D:4      | Noticed Duvessa
  2087 | D:4      | Reached XP level 6. HP: 37/53 MP: 5/5
  2196 | D:3      | Noticed Natasha
  2208 | D:3      | Killed Natasha
  2208 | D:3      | Reached skill level 6 in Long Blades
  2443 | D:4      | Reached skill level 5 in Shields
  2689 | D:5      | Entered Level 5 of the Dungeon
  2701 | D:5      | Reached skill level 5 in Fighting
  2701 | D:5      | Reached XP level 7. HP: 41/61 MP: 6/6
  2735 | D:4      | Reached skill level 5 in Armour
  2947 | D:5      | Noticed Blork the orc
  3150 | D:5      | Killed Blork the orc
  3177 | D:5      | Reached skill level 7 in Long Blades
  3301 | D:5      | Reached XP level 8. HP: 64/70 MP: 7/7
  3305 | D:5      | Noticed Eustachio
  3420 | D:5      | Killed Eustachio
  3420 | D:5      | Reached skill level 8 in Long Blades
  3455 | D:5      | Found Irotulo's Weapon Emporium.
  3702 | D:6      | Reached skill level 1 in Dodging
  3985 | D:6      | Found a bloodstained altar of Trog.
  4186 | D:6      | Found an ancient bone altar of Kikubaaqudgha.
  4207 | D:6      | Reached XP level 9. HP: 78/78 MP: 8/8
  4259 | D:6      | Reached skill level 9 in Long Blades
  4665 | D:7      | Found a runed translucent door.
  4666 | D:7      | Noticed Crazy Yiuf
  4756 | D:7      | Killed Crazy Yiuf
  4825 | D:7      | Found a staircase to the Ecumenical Temple.
  4854 | Temple   | Entered the Ecumenical Temple
  4909 | Temple   | Became a worshipper of Warmaster Okawaru
  5022 | D:7      | Found a white marble altar of Elyvilon.
  5135 | D:7      | Reached skill level 1 in Stealth
  5460 | D:8      | Reached * piety under Okawaru
  5533 | D:8      | Found the +6 shillelagh "Devastator" {shatter}
  5537 | D:8      | Reached skill level 10 in Long Blades
  5552 | D:8      | Found Paji's Antique Armour Shop.
  5628 | D:8      | Reached skill level 10 in Shields
  5637 | D:8      | Found a staircase to the Lair.
  5809 | D:8      | Reached ** piety under Okawaru
  5810 | D:8      | Noticed Psyche
  5827 | D:8      | Killed Psyche
  5827 | D:8      | Reached XP level 10. HP: 72/88 MP: 9/9
  5871 | D:8      | Noticed Grum
  5889 | D:8      | Killed Grum
  6041 | D:8      | Reached skill level 11 in Long Blades
  6131 | D:8      | Reached *** piety under Okawaru
  6361 | D:9      | Found a glowing silver altar of Zin.
  6364 | D:9      | Found Esoaw's Hallowed Reliquary.
  6365 | D:9      | Noticed an angel
  6369 | D:9      | Bought a potion of heal wounds for 80 gold pieces
  6906 | D:9      | Found an ancient bone altar of Kikubaaqudgha.
  6906 | D:9      | Found a snail-covered altar of Cheibriados.
  6913 | D:9      | Found an opulent altar of Gozag.
  6915 | D:9      | Found a bloodstained altar of Trog.
  6917 | D:9      | Found a faded altar of an unknown god.
  7110 | D:10     | Entered Level 10 of the Dungeon
  7208 | D:10     | Found Meozipla's Food Boutique.
  7705 | D:11     | Reached skill level 12 in Long Blades
  7818 | D:11     | Reached **** piety under Okawaru
  7861 | D:11     | Noticed a six-headed hydra
  7862 | D:11     | Found a staircase to the Orcish Mines.
  8324 | D:11     | Reached XP level 11. HP: 95/97 MP: 10/10
  8925 | D:11     | Found a large runed translucent door.
  8927 | D:11     | Found a large runed translucent door.
  8929 | D:11     | Noticed pentaxis93's ghost (journeyman DEFE)
  9138 | D:12     | Found a gate leading to a gauntlet.
  9148 | Gauntlet | Entered a Gauntlet
  9148 | Gauntlet | Found a transporter.
  9148 | Gauntlet | Found a transporter.
  9148 | Gauntlet | Found a large runed translucent door.
  9148 | Gauntlet | Found a large runed translucent door.
  9148 | Gauntlet | Found a large runed translucent door.
  9148 | Gauntlet | Found a large runed translucent door.
  9148 | Gauntlet | Found a large runed translucent door.
  9148 | Gauntlet | Found a large runed translucent door.
  9148 | Gauntlet | Found a runed translucent door.
  9148 | Gauntlet | Found a runed translucent door.
  9148 | Gauntlet | Found a large runed translucent door.
  9148 | Gauntlet | Found a large runed translucent door.
  9148 | Gauntlet | Found a large runed translucent door.
  9148 | Gauntlet | Found a large runed translucent door.
  9148 | Gauntlet | Found a large runed translucent door.
  9148 | Gauntlet | Found a large runed translucent door.
  9152 | Gauntlet | Found a transporter.
  9152 | Gauntlet | Found a transporter.
  9159 | Gauntlet | Noticed a necromancer
  9160 | Gauntlet | Found a transporter.
  9161 | Gauntlet | Found the ring of the Octopus King
  9175 | Gauntlet | Noticed a death yak
  9182 | Gauntlet | Found a transporter.
  9184 | Gauntlet | Noticed a death yak
  9185 | Gauntlet | Noticed a death yak
  9186 | Gauntlet | Found a transporter.
  9186 | Gauntlet | Noticed a death yak
  9187 | Gauntlet | Noticed a death yak
  9188 | Gauntlet | Noticed a death yak
  9189 | Gauntlet | Found a transporter.
  9189 | Gauntlet | Noticed an orange crystal statue
  9190 | Gauntlet | Found a transporter.
  9205 | Gauntlet | Found a transporter.
  9212 | Gauntlet | Found a large runed translucent door.
  9213 | Gauntlet | Noticed an entropy weaver
  9213 | Gauntlet | Found a large runed translucent door.
  9216 | Gauntlet | Found a runed translucent gate.
  9216 | Gauntlet | Found a runed translucent gate.
  9217 | Gauntlet | Found a runed translucent gate.
  9220 | Gauntlet | Found a large runed translucent door.
  9221 | Gauntlet | Found a large runed translucent door.
  9233 | Gauntlet | Found a transporter.
  9249 | Gauntlet | Found a transporter.
  9264 | Gauntlet | Noticed a thrashing horror
  9266 | Gauntlet | Found a transporter.
  9280 | Gauntlet | Found a transporter.
  9285 | Gauntlet | Noticed a wolf spider
  9386 | Gauntlet | Found a transporter.
  9402 | Gauntlet | Found a transporter.
 10460 | Gauntlet | Killed a necromancer
 10492 | Gauntlet | Got a ring of the Octopus King
 10496 | Gauntlet | Identified a ring of the Octopus King {AC+1 EV+1 Str+1
                  | Int+1 Dex+1 Stlth+} (You found it in a Gauntlet)
 10781 | Gauntlet | Reached ***** piety under Okawaru
 10783 | Gauntlet | Reached skill level 10 in Fighting
 10891 | Gauntlet | Got a twisted cloak
 10902 | Gauntlet | Identified the cursed -1 cloak "Bien" {rN++ Int+2} (You
                  | found it in a Gauntlet)
 10976 | Gauntlet | Noticed a queen ant
 10980 | Gauntlet | Killed an orange crystal statue
 11044 | Gauntlet | Got a dazzling cloak
 11056 | Gauntlet | Identified the +2 cloak of Xom's Scorn {*Contam rPois
                  | Dex+2} (You found it in a Gauntlet)
 11103 | Gauntlet | Identified the cursed +1 rapier of the Spider Nest {vamp,
                  | Fragile Str+3 Stlth+}
 11103 | Gauntlet | Noticed a minotaur
 11123 | Gauntlet | Killed a minotaur
 11123 | Gauntlet | Reached skill level 13 in Long Blades
 11410 | D:12     | Noticed Nergalle
 11425 | D:12     | Killed Nergalle
 11470 | D:12     | Noticed Frances
 11477 | D:12     | Slain by Frances

Levels and vault maps discovered:
D:1:      matt_arrival_grand_opening, layout_loops_ring, supply_closet_lemuel
D:2:      layout_loops_ring
D:3:      layout_loops_cross, uniq_natasha
D:4:      layout_basic, serial_shops, nicolae_shop_statue_plus, grunt_decor_cap,
          minmay_manual_monolith, uniq_duvessa
D:5:      layout_cave_pools, first_ration, serial_shops, nicolae_shop_crystal,
          uniq_eustachio, uniq_blork_the_orc
D:6:      layout_loops_cross, basic_altar, trog_hazing_becter
D:7:      layout_rooms, elyvilon_altar_3, temple_pool_b, grunt_ogre_cave,
          uniq_crazy_yiuf_cottage
D:8:      kennysheep_blocky_room, layout_basic, lair_entry_dummy, serial_shops,
          shop, chequers_serial_rivers_marsh, minmay_nine_imps, uniq_grum,
          uniq_psyche
D:9:      layout_rooms, chequers_temple_overflow_minitemple, nicolae_good_shop
D:10:     layout_roguey, serial_shops,
          nicolae_shop_temple_entry_statues_fountains
D:11:     layout_irregular_city, david_orc_3, ebering_ghost_disaster_area,
          corexii_checkpoint_b, grunt_ministairs_6
D:12:     layout_basic, gauntlet_entry_generic,
          minmay_guarded_unrand_variability, uniq_nergalle, uniq_fannar,
          uniq_frances, uniq_nessos, uniq_urug
Temple:   minmay_crystal_spiral_temple

Skill      XL: |  1  2  3  4  5  6  7  8  9 10 11 |
---------------+----------------------------------+-----
Shields        | 4 5 6 8 10 11 12 | 12.2
Armour         | 4 6 7 8 9 |  9.8
Long Blades    | 3 4 5 6 7 8 10 12 13 | 13.2
Fighting       | 4 5 6 8 9 10 | 10.2
Dodging        | 1 |  1.7
Stealth        | 1 |  1.4
Invocations    | |  0.4

Action                   |  1- 3 |  4- 6 |  7- 9 | 10-12 || total
-------------------------+-------+-------+-------+-------++-------
Melee: Long sword        |    68 |   111 |   311 |       ||   490
       Headbutt          |    14 |    22 |    77 |   108 ||   221
       Scimitar          |       |       |    57 |   429 ||   486
Invok: Heroism           |       |       |       |     5 ||     5
  Use: Scroll            |     6 |       |       |     9 ||    15
       Potion            |       |     1 |       |     2 ||     3
  Eat: Chunk             |       |     5 |    11 |    13 ||    29
       Ration            |       |       |       |     2 ||     2
Armor: Chain mail        |    33 |     9 |       |       ||    42
       Plate armour      |       |    46 |   256 |   176 ||   478
Dodge: Dodged            |    22 |    18 |   110 |    89 ||   239
Block: Shield            |    30 |    58 |   317 |   326 ||   731
       Reflection        |       |       |     8 |    19 ||    27
       Rpst.: Long sword |    10 |     7 |    22 |       ||    39
       Scimitar          |       |       |     4 |    29 ||    33

Table legend:
 A = Non-vault XP
 B = Vault XP
 C = Vault XP percentage of total XP
 D = Non-vault monster count
 E = Vault monster count
 F = Vault count percentage of total count
                 A         B        C        D         E       F
            +---------+---------+-------+---------+---------+-------
      Total |   10517 |    7855 |  42.8 |     232 |      60 |  20.5
            +---------+---------+-------+---------+---------+-------
        D:1 |      39 |       0 |   0.0 |      21 |       0 |   0.0
        D:2 |      34 |       0 |   0.0 |      12 |       0 |   0.0
        D:3 |     158 |      35 |  18.1 |      20 |       1 |   4.8
        D:4 |     423 |      21 |   4.7 |      10 |       3 |  23.1
        D:5 |     700 |     293 |  29.5 |      16 |       2 |  11.1
        D:6 |    1180 |      11 |   0.9 |      32 |       6 |  15.8
        D:7 |     860 |     162 |  15.9 |      24 |       2 |   7.7
        D:8 |    1470 |    1883 |  56.2 |      23 |      20 |  46.5
        D:9 |    1447 |       0 |   0.0 |      23 |       0 |   0.0
       D:10 |     376 |       0 |   0.0 |      15 |       0 |   0.0
       D:11 |    3737 |     426 |  10.2 |      35 |      11 |  23.9
       D:12 |       0 |     808 | 100.0 |       0 |       1 | 100.0
     Temple |      93 |       0 |   0.0 |       1 |       0 |   0.0
   Gauntlet |       0 |    4216 | 100.0 |       0 |      14 | 100.0
            +---------+---------+-------+---------+---------+-------
